 Dungeon Crawl Stone Soup version 0.22-a0-368-g870eee8 (webtiles) character file.

1515326 patman the Acrobat (level 27, 184/184 HPs)
             Began as a Deep Elf Earth Elementalist on Mar 21, 2018.
             Was the Champion of Ashenzari.
             Escaped with the Orb
             ... and 3 runes on Apr 23, 2018!
             The game lasted 07:30:50 (91857 turns).

patman the Acrobat (Deep Elf Earth Elementalist)   Turns: 91857, Time: 07:30:50

Health: 184/184    AC: 31    Str:  8    XL:     27
Magic:  51/51      EV: 38    Int: 26    God:    Ashenzari [******]
Gold:   3195       SH:  8    Dex: 29    Spells: 4/60 levels left

rFire    + + .     SeeInvis +   O - +10 rapier "Teagaur" {pierce, rC+ Dex+9} (curse)
rCold    + + .     Gourm    .   a - +0 buckler {reflect} (curse)
rNeg     + + +     Faith    +   Y - +4 moon troll leather armour {Spirit, Regen++ MP+5} (curse)
rPois    +         Spirit   +   x - +2 helmet {Int+3} (curse)
rElec    +         Reflect  +   Z - +4 dragonskin cloak (curse)
rCorr    .         Harm     .   T - +2 pair of gloves (curse)
MR       +++..     Clarity  +   Q - +2 pair of boots {run} (curse)
Stlth    +++.......             U - amulet of Niutex {Faith rElec rN+++ Str+2 Int-3} (curse)
HPRegen  1.20/turn              F - ring of protection from fire (curse)
MPRegen  0.32/turn              c - +6 ring of protection (curse)

@: quick
A: dopey 1, magic resistance 1
0: Orb of Zot
}: 3/15 runes: decaying, serpentine, silver
a: Curse Item, Scrying, Transfer Knowledge, Renounce Religion


You escaped.
You worshipped Ashenzari.
Ashenzari was exalted by your worship.
You were not hungry.

You visited 10 branches of the dungeon, and saw 52 of its levels.
You also visited: Ossuary, Bailey and Ice Cave.

You collected 9867 gold pieces.
You spent 6672 gold pieces at shops.

Inventory:

Hand Weapons
 O - the cursed +10 rapier "Teagaur" (weapon) {pierce, rC+ Dex+9}
   (You found it on level 3 of the Lair of Beasts)

   It inflicts extra damage upon your enemies.
   It affects your dexterity (+9).
   It protects you from cold.
   It has a curse placed upon it.
Missiles
 b - 939 stones (quivered)
 A - 5 throwing nets
Armour
 a - a cursed +0 buckler of reflection (worn)
 x - a cursed +2 helmet of intelligence (worn)
 Q - a cursed +2 pair of boots of running (worn)
 T - a cursed +2 pair of gloves (worn)
 Y - the cursed +4 moon troll leather armour (worn) {Spirit, Regen++ MP+5}
   (You took it off a deep elf annihilator on level 3 of the Elven Halls)

   It affects your magic capacity (+5).
   It increases your rate of regeneration.
   It has a curse placed upon it.
 Z - the cursed +4 dragonskin cloak (worn)
   (You took it off Tiamat on level 3 of the Realm of Zot)

   It has a curse placed upon it.
Jewellery
 c - a cursed +6 ring of protection (right hand)
 k - an uncursed ring of ice
 F - a cursed ring of protection from fire (left hand)
 J - a +6 ring of protection
 U - the cursed amulet of Niutex (around neck) {Faith rElec rN+++ Str+2 Int-3}
   (You took it off a yaktaur on level 5 of the Vaults)

   [amulet of faith]

   It allows you to gain divine favour quickly.
   It affects your strength (+2).
   It affects your intelligence (-3).
   It insulates you from electricity.
   It renders you almost immune to negative energy.
   It has a curse placed upon it.
Wands
 g - a wand of clouds (10)
 j - a wand of digging (72)
 u - a wand of acid (10)
 V - a wand of scattershot (21)
Scrolls
 f - 25 scrolls of teleportation
 o - 2 scrolls of remove curse
 q - 8 scrolls of amnesia
 r - 2 scrolls of enchant armour
 s - 8 scrolls of fog
 t - 24 scrolls of identify
 y - 2 scrolls of summoning
 z - 6 scrolls of fear
 B - 4 scrolls of magic mapping
 C - 4 scrolls of blinking
 D - a scroll of silence
 K - 5 scrolls of immolation
 L - 4 scrolls of vulnerability
 S - 3 scrolls of holy word
Potions
 e - 3 potions of heal wounds
 h - a potion of mutation
 i - 2 potions of brilliance
 m - 3 potions of ambrosia
 n - 7 potions of might
 v - 9 potions of flight
 w - 7 potions of haste
 E - 17 potions of curing
 H - 3 potions of resistance
 I - 3 potions of cancellation
 M - 2 potions of magic
 P - 7 potions of agility
Miscellaneous
 l - 4 phantom mirrors
 p - a phial of floods
 N - 6 boxes of beasts
Comestibles
 d - 15 rations


   Skills:
 * Level 21.8 Fighting
 - Level 9.7(14.0) Short Blades
 - Level 9.7 Armour
 - Level 23.9(27) Dodging
 - Level 14.7(18.7) Stealth
 - Level 4.0(6.8) Shields
 - Level 17.3 Spellcasting
 - Level 14.0(18.1) Conjurations
 - Level 5.5(10.0) Charms
 - Level 12.6(16.7) Summonings
 - Level 16.8(20.6) Necromancy
 - Level 1.5(4.5) Translocations
 - Level 1.1(3.7) Transmutations
 - Level 10.7(15.0) Ice Magic
 - Level 3.8(7.9) Air Magic
 - Level 11.5(15.6) Earth Magic
 - Level 9.4(13.7) Evocations


You had 4 spell levels left.
You knew the following spells:

 Your Spells              Type           Power        Failure   Level  Hunger
a - Dispel Undead         Necr           #######.     0%          5    None
d - Bolt of Cold          Conj/Ice       #######...   1%          6    ###....
f - Freezing Cloud        Conj/Ice/Air   #######...   1%          6    ###....
h - Haunt                 Necr/Summ      #######...   1%          7    #####..
i - Iron Shot             Conj/Erth      #######...   1%          6    ###....
s - Simulacrum            Ice/Necr       #######...   1%          6    ###....
u - Summon Butterflies    Summ           #######.     0%          1    None
A - Apportation           Tloc           #####.       1%          1    None
B - Blink                 Tloc           N/A          1%          2    None
O - Ozocubu's Armour      Chrm/Ice       ######..     1%          3    None
P - Passwall              Tmut/Erth      ######....   1%          2    None
R - Regeneration          Chrm/Necr      #######...   0%          3    None
V - Borgnjor's Revivific  Necr           #######...   3%          8    ######.


Dungeon Overview and Level Annotations

Branches:
Dungeon (15/15)            Temple (0/1) D:5            Lair (6/6) D:10
  Swamp (4/4) Lair:4        Snake (4/4) Lair:3        Slime (0/5) Lair:5
    Orc (2/2) D:12            Elf (3/3) Orc:2        Vaults (5/5) D:14
  Crypt (3/3) Vaults:3       Tomb (0/3) Crypt:3      Depths (5/5) D:15
    Zot (5/5) Depths:5

Altars:
Ashenzari
Gozag
Hepliaklqana
Kikubaaqudgha
Qazlal
Ru
Sif Muna
Uskayaw
Vehumet
Yredelemnul
Zin
The Shining One
Beogh
Jiyva

Shops:
D:8 :   Orc:1 ?   Orc:2 }??(   Elf:1 }==   Snake:3 **[[   Vaults:1 :
Depths:3 ?**[=   Depths:5 *

Portals:
Hell: Depths:1 Depths:2 Depths:3 Depths:4 Depths:5
Abyss: Depths:2 Depths:4
Pandemonium: Depths:1 Depths:3
Ziggurat: Depths:5
Trove: D:12 (give +5 ice dragon scales)

Annotations:
D:4 p0werm0de's ghost, novice GrCK
D:7 exclusion: 5 doors
Elf:2 3 runed doors
Vaults:1 exclusion: door, Asterion
Vaults:4 Mennas
Crypt:3 exclusion: 2 doors
Depths:5 exclusions: 3 caustic shrikes, obsidian statue and 5 more exclusions


Innate Abilities, Weirdness & Mutations

You are dopey. (Int -2)
You are resistant to hostile enchantments. (MR+)


Message History

There is a stone staircase leading up here.
You climb upwards.
There is a stone staircase leading down here.
(D) Dungeon (T) Temple (L) Lair (S) Swamp (P) Snake Pit (M) Slime Pits (O) Orcish Mines (E) Elven Halls (V) Vaults (C) Crypt (W) Tomb (U) Depths (H) Hell (Z) Zot
Where to? (Enter - D:1, ? - help)
Okay, then.
Unknown command.
An iron imp comes into view.
The iron imp shouts!
An orange demon comes into view.
You hear a grinding noise.
You hear a grinding noise.
You hear a grinding noise.
There is an open gate here.
There is a staircase leading out of the dungeon here.
You hear a grinding noise.
You have escaped!

...#####.5.#
#.........
...#.###.#.#
#.........
.........#.#
#.........
.........#.#
#.........
.........#{#
#.........
.........#.#######
#........)
.....(..#...#8.#.#
####.........
..>####.###.#'#..#
#...........# ...#
#.# #..'#.@#
#......###### ####
#.# #.#'#..#
#...)..# #.#
#.#8.#.# #......#
#.# #.######
######## #.# #.#
#.###.# #.....#
#######


There were no monsters in sight!

Vanquished Creatures
  Tiamat (Zot:3)
  An orb of fire (Zot:3)
  Mara (Swamp:4)
  An ancient lich (Crypt:3)
  Boris (twice) (Depths:4 Crypt:3)
  Vashnia (Snake:3)
  Saint Roka (Snake:3)
  A curse toe (Zot:3)
  A caustic shrike (Depths:4)
  9 golden dragons
  Nikola (Elf:1)
  A bone dragon (Crypt:3)
  An electric golem (Zot:3)
  5 liches
  8 Orb Guardians
  7 tentacled monstrosities
  5 titans
  2 deep elf blademasters (Elf:3)
  2 deep elf master archers (Elf:3)
  4 quicksilver dragons
  Frances (Swamp:1)
  9 death cobs
  2 ancient champions (Crypt:1)
  Agnes (Elf:2)
  Kirke (Swamp:4)
  8 shadow dragons
  2 sphinxes
  10 nagarajas
  11 storm dragons
  9 draconian monks
  2 thorn hunters
  Donald (Crypt:1)
  An azure jelly (Swamp:4)
  A revenant (Crypt:1)
  9 tengu reavers
  13 frost giants
  8 fire giants
  5 deep elf sorcerers
  Aizul (Snake:3)
  4 iron dragons
  A juggernaut zombie (Depths:3)
  9 draconian knights
  2 curse skulls (Crypt:2)
  3 draconian scorchers
  An orc warlord (D:12)
  3 ghost moths
  13 vault wardens
  2 draconian shifters
  Louise (Swamp:4)
  3 draconian annihilators
  3 deep elf elementalists
  19 ironheart preservers
  The ghost of grindst0ne the Cleaver, a journeyman FoFi of the Shining One (Lair:5)
  7 draconian stormcallers
  A caustic shrike skeleton (Depths:3)
  A ghoul (Crypt:3)
  5 war gargoyles
  13 stone giants
  14 very ugly things
  4 vampire knights
  2 entropy weavers (Depths:4)
  12 deep elf demonologists
  Azrael (D:14)
  9 black draconians
  10 green draconians
  4 purple draconians
  14 red draconians
  6 deep elf annihilators
  A spark wasp (Depths:4)
  10 yellow draconians
  4 white draconians
  16 ettins
  6 deep elf death magi
  A large abomination (Vaults:5)
  2 blizzard demons
  3 crystal guardians (Crypt:3)
  2 quicksilver dragon zombies
  7 jiangshi
  7 fire dragons
  10 yaktaur captains
  8 great orbs of eyes
  3 deep elf high priests
  13 naga warriors
  9 rakshasas
  25 vault guards
  11 hydras
  A monstrous demonspawn (Depths:3)
  14 ice dragons
  6 spriggan air magi
  2 ghost crabs (Swamp:3)
  7 anacondas
  4 death knights
  2 catoblepae (Depths:2)
  8 centaur warriors
  26 dancing weapons
  4 tengu warriors
  14 ogre magi
  14 alligators
  23 two-headed ogres
  3 small abominations (Vaults:5)
  A titan zombie (Crypt:2)
  6 deep troll earth magi
  9 vampire magi
  16 naga sharpshooters
  9 deep troll shamans
  Urug (Lair:4)
  6 spriggan berserkers
  A death yak (D:9)
  5 shock serpents
  A shock serpent (shapeshifter) (Depths:4)
  An orc high priest (Elf:2)
  2 storm dragon zombies
  21 deep elf knights
  A sun demon (Depths:5)
  2 soul eaters
  4 shadow wraiths
  2 iron trolls
  2 titan skeletons
  2 salamander mystics
  9 sea snakes
  22 skeletal warriors
  A fire crab (shapeshifter) (Vaults:3)
  A sixfirhy (Zot:4)
  2 spark wasp zombies (Depths:4)
  3 unseen horrors (D:15)
  5 naga ritualists
  6 wizards
  5 spriggan druids
  15 hell knights
  39 deep trolls
  2 glowing orange brains
  2 shambling mangroves (Swamp:3)
  A gelid demonspawn (Depths:3)
  A flayed ghost (Vaults:4)
  4 swamp dragons
  9 orc knights
  6 phantasmal warriors
  25 deep elf archers
  9 ironbrand convokers
  50 ugly things
  A mana viper (shapeshifter) (Vaults:1)
  A sphinx zombie (Vaults:3)
  9 harpies
  9 mana vipers
  10 necromancers
  10 orc sorcerers
  58 deep elf magi
  A wolf spider (shapeshifter) (Vaults:5)
  A cyclops (shapeshifter) (Vaults:4)
  A salamander (shapeshifter) (Vaults:1)
  A wolf spider zombie (D:14)
  A frost giant zombie (Crypt:3)
  A fire giant zombie (Vaults:3)
  11 salamanders
  2 wolf spiders
  A manticore (shapeshifter) (Depths:4)
  16 moths of wrath
  7 cyclopes
  A guardian serpent (shapeshifter) (Depths:1)
  A shock serpent zombie (Crypt:1)
  3 ice statues (IceCv)
  Joseph (Lair:1)
  6 guardian serpents
  14 vault sentinels
  A smoke demon (Depths:2)
  A black mamba (shapeshifter) (Vaults:4)
  11 naga magi
  A stone giant skeleton (Crypt:3)
  17 spiny frogs
  3 orange demons (Depths:5)
  A gargoyle (D:13)
  26 black mambas
  A spriggan zombie (Depths:3)
  6 rime drakes
  16 freezing wraiths
  A rime drake (shapeshifter) (Depths:4)
  8 komodo dragons
  46 yaktaurs
  2 tormentors
  2 yaktaurs (shapeshifter)
  4 tengu conjurers
  4 red devils
  A yaktaur skeleton (Vaults:3)
  A hydra zombie (Crypt:3)
  3 ice devils (Depths:5)
  An entropy weaver simulacrum (Vaults:2)
  2 queen bees (shapeshifter) (Depths:2)
  A meliai (shapeshifter) (Elf:3)
  A troll (shapeshifter) (Depths:1)
  10 trolls
  A jumping spider (shapeshifter) (Vaults:2)
  A catoblepas skeleton (Crypt:1)
  A polar bear (shapeshifter) (Elf:3)
  7 polar bears (Lair:6)
  49 slime creatures
  23 hornets
  A wolf spider simulacrum (Vaults:1)
  A grey draconian skeleton (Crypt:2)
  7 bog bodies
  A moth of wrath zombie (Crypt:2)
  8 tyrant leeches
  A fire dragon zombie (Crypt:3)
  A harpy skeleton (Crypt:2)
  8 blink frogs
  8 hippogriffs
  2 dream sheep (Lair:6)
  A frost giant simulacrum (Vaults:3)
  2 ettin skeletons
  2 air elementals (Elf:1)
  43 flying skulls
  8 water elementals
  A fire dragon skeleton (Crypt:3)
  3 shadows
  2 hogs (Swamp:4)
  2 wyverns (D:13)
  29 spriggans
  A tarantella (shapeshifter) (D:15)
  44 yaks
  A human (shapeshifter) (Vaults:5)
  4 vampires
  6 wraiths
  A ynoxinul (Depths:3)
  6 fire elementals
  A swamp worm simulacrum (Swamp:4)
  3 basilisks
  26 vampire mosquitoes
  2 hungry ghosts
  Grum (D:11)
  A steam dragon (D:10)
  18 swamp worms
  A deep troll zombie (Crypt:2)
  4 wargs
  49 nagas
  An acid dragon (D:15)
  3 hell hounds (D:14)
  19 insubstantial wisps
  12 water moccasins
  14 hydra simulacra (Swamp:4)
  Duvessa (D:7)
  2 floating eyes
  A two-headed ogre skeleton (Crypt:1)
  11 porcupines
  4 phantoms
  9 ice beasts
  5 sky beasts
  6 swamp drakes
  43 orc warriors
  A black bear (shapeshifter) (Depths:4)
  An eye of draining (D:10)
  3 black bears
  7 necrophages
  12 boggarts
  A manticore zombie (Crypt:3)
  18 centaurs
  22 wolves
  34 ogres
  11 crocodiles
  A swamp dragon skeleton (Crypt:3)
  A snapping turtle skeleton (Crypt:2)
  10 bullfrogs
  A gnoll sergeant (D:7)
  8 earth elementals
  2 wyvern zombies
  A water moccasin zombie (D:9)
  An elf skeleton (Crypt:3)
  A salamander skeleton (Crypt:1)
  Dowan (D:7)
  2 scorpions
  A human simulacrum (Vaults:1)
  10 killer bees
  8 wights
  4 howler monkeys
  17 crimson imps
  5 centaur zombies
  A black bear zombie (Crypt:1)
  2 quasits
  2 bullfrog zombies
  A hound (shapeshifter) (Depths:1)
  6 jellies
  4 hounds
  16 orc priests
  10 centaur skeletons
  35 orc wizards
  3 iron imps (Depths:5)
  A demonspawn skeleton (Crypt:1)
  5 iguanas
  A basilisk skeleton (Crypt:2)
  14 worker ants
  2 killer bee zombies
  3 big kobold zombies (Ossuary)
  A tengu skeleton (Crypt:1)
  A hound skeleton (D:10)
  A hound zombie (D:10)
  2 mummies (Ossuary)
  2 worker ant zombies
  16 gnolls
  A river rat (Lair:6)
  18 adders
  5 shadow imps
  10 white imps
  2 oozes
  7 swamp drake simulacra (Swamp:4)
  3 adder skeletons
  2 adder zombies (D:2)
  4 worms
  2 dart slugs
  3 leopard geckos (D:4)
  69 orcs
  A ball python (D:4)
  A bat skeleton (D:2)
  A bat zombie (D:2)
  5 giant cockroaches
  12 goblins
  10 hobgoblins
  3 jackals
  19 kobolds
  4 quokkas
  8 bats
  11 frilled lizards
  A giant cockroach zombie (D:2)
  A gnoll skeleton (Crypt:1)
  2 gnoll zombies (Ossuary)
  2 goblin zombies (Ossuary)
  A hobgoblin zombie (Ossuary)
  A jackal skeleton (D:4)
  A leopard gecko skeleton (D:2)
  2 leopard gecko zombies
  4 orc zombies (Ossuary)
  12 rats
  2 crawling corpses (Elf:3)
  2 fungi (Lair:6)
  A plant (Lair:6)
2290 creatures vanquished.

Vanquished Creatures (collateral kills)
  3 golden dragons (Zot:4)
  A tentacled monstrosity (Depths:5)
  2 titans (Vaults:5)
  A death cob (Zot:1)
  A sphinx (Depths:4)
  3 shadow dragons
  2 draconian knights (Zot:2)
  A vault warden (Vaults:5)
  A deep elf sorcerer (Depths:4)
  A frost giant (Depths:5)
  A cacodemon (Zot:4)
  An iron dragon (Vaults:5)
  A draconian shifter (Zot:4)
  A ghost moth (Zot:2)
  2 ironheart preservers (Vaults:5)
  4 draconian annihilators
  2 stone giants
  A green draconian (Zot:2)
  3 purple draconians (Zot:2)
  3 red draconians
  A spark wasp (Depths:4)
  7 black draconians
  A yellow draconian (Depths:5)
  A crystal guardian (Vaults:5)
  A fire dragon (Depths:5)
  A deep elf high priest (Depths:5)
  2 great orbs of eyes (Depths:5)
  An ogre mage (Depths:4)
  4 vault guards (Vaults:5)
  A centaur warrior (Depths:4)
  A death knight (Vaults:5)
  A spriggan air mage (Depths:5)
  A deep troll shaman (Depths:5)
  2 deep troll earth magi (Depths:5)
  2 hell knights (Depths:4)
  An iron troll (Depths:5)
  A flayed ghost (Depths:4)
  2 deep trolls (Depths:5)
  A necromancer (Depths:4)
  2 moths of wrath
  A guardian serpent (shapeshifter) (Depths:4)
  2 vault sentinels (Vaults:5)
  2 yaktaurs
  An eye of draining (shapeshifter) (Depths:4)
  A big kobold (shapeshifter) (Vaults:5)
  An iron imp (Depths:5)
  2 white imps (Depths:5)
  4 orcs (Vaults:5)
83 creatures vanquished.

Vanquished Creatures (others)
  2 draconian knights
  A red draconian (Depths:5)
  A merfolk javelineer (Depths:3)
  A two-headed ogre (shapeshifter) (Vaults:2)
  A naga sharpshooter (Snake:4)
  An unseen horror (shapeshifter) (Vaults:5)
  An ugly thing (Vaults:1)
  A guardian serpent (Snake:4)
  2 yaktaurs (Vaults:5)
  A tyrant leech (Swamp:4)
  8 fungi
  4 plants
24 creatures vanquished.

Grand Total: 2397 creatures vanquished

Notes
Turn   | Place    | Note
-------+----------+-------------------------------------------
     0 | D:1      | patman the Deep Elf Earth Elementalist began the quest for the Orb.
     0 | D:1      | Reached XP level 1. HP: 10/10 MP: 6/6
   311 | D:1      | Reached XP level 2. HP: 15/15 MP: 5/8
   838 | D:1      | Reached XP level 3. HP: 16/19 MP: 9/9
  1340 | D:2      | Reached skill level 5 in Earth Magic
  1349 | D:2      | Learned a level 3 spell: Stone Arrow
  1352 | D:2      | Learned a level 2 spell: Passwall
  1850 | D:2      | Reached skill level 1 in Conjurations
  2099 | D:2      | Reached XP level 4. HP: 24/24 MP: 6/10
  2368 | D:2      | Found an opulent altar of Gozag.
  3278 | D:2      | Reached XP level 5. HP: 25/28 MP: 7/11
  3469 | D:3      | Found a faded altar of an unknown god.
  3509 | D:3      | Became a worshipper of Ashenzari the Shackled
  3509 | D:3      | Reached * piety under Ashenzari
  4202 | D:4      | Found a glowing golden altar of the Shining One.
  4431 | D:4      | Reached XP level 6. HP: 32/32 MP: 8/14
  4465 | D:4      | Noticed p0werm0de's ghost (novice GrCK)
  5074 | D:4      | Reached skill level 5 in Spellcasting
  5617 | D:5      | Entered Level 5 of the Dungeon
  5935 | D:5      | Reached ** piety under Ashenzari
  5936 | D:5      | Found a staircase to the Ecumenical Temple.
  5944 | D:5      | Noticed an ice beast
  5950 | D:5      | Killed an ice beast
  5950 | D:5      | Reached skill level 1 in Fighting
  5950 | D:5      | Reached skill level 1 in Short Blades
  5950 | D:5      | Reached XP level 7. HP: 38/38 MP: 9/17
  6474 | D:5      | Found a deep blue altar of Sif Muna.
  6497 | D:5      | Identified Sif Muna's Tome of Intoxication
  6923 | D:6      | Reached XP level 8. HP: 46/46 MP: 11/18
  7255 | D:6      | Reached skill level 5 in Short Blades
  7487 | D:6      | Found Nulid's Antique Armour Boutique.
  7639 | D:6      | Reached *** piety under Ashenzari
  8194 | D:7      | Reached skill level 5 in Fighting
  8457 | D:7      | Reached XP level 9. HP: 33/54 MP: 3/19
  9239 | D:7      | Noticed Dowan
  9244 | D:7      | Killed Dowan
  9261 | D:7      | Noticed Duvessa
  9264 | D:7      | Killed Duvessa
  9573 | D:8      | Found a glowing silver altar of Zin.
  9573 | D:8      | Found a stormy altar of Qazlal.
  9614 | D:8      | Found a hide-covered altar of Uskayaw.
  9634 | D:8      | Found a hazy altar of Hepliaklqana.
  9634 | D:8      | Found an ancient bone altar of Kikubaaqudgha.
  9634 | D:8      | Found a sacrificial altar of Ru.
  9640 | D:8      | Found a sand-covered staircase.
  9671 | Ossuary  | Entered an ossuary
 10159 | D:8      | Found Viytel's Book Shop.
 10165 | D:8      | Bought a book of Frost for 385 gold pieces
 10169 | D:8      | Learned a level 3 spell: Ozocubu's Armour
 10173 | D:8      | Learned a level 3 spell: Regeneration
 10369 | D:8      | Reached skill level 1 in Charms
 10406 | D:8      | Reached skill level 1 in Ice Magic
 10570 | D:8      | Reached **** piety under Ashenzari
 10636 | D:8      | Learned a level 3 spell: Conjure Flame
 10977 | D:9      | Noticed a death yak
 10990 | D:9      | Killed a death yak
 10990 | D:9      | Reached skill level 5 in Charms
 10990 | D:9      | Reached XP level 10. HP: 47/61 MP: 6/20
 11115 | D:9      | Learned a level 2 spell: Blink
 11418 | D:10     | Entered Level 10 of the Dungeon
 11451 | D:10     | Found a staircase to the Lair.
 11843 | D:10     | Reached skill level 5 in Ice Magic
 11851 | D:10     | Reached skill level 5 in Conjurations
 11881 | D:10     | Learned a level 6 spell: Iron Shot
 12209 | Lair:1   | Entered Level 1 of the Lair of Beasts
 12417 | Lair:1   | Noticed Joseph
 12435 | Lair:1   | Killed Joseph
 12502 | Lair:1   | Noticed an eight-headed hydra
 12507 | Lair:1   | Killed an eight-headed hydra
 12521 | Lair:1   | Noticed a spiny frog
 12527 | Lair:1   | Killed a spiny frog
 12701 | Lair:1   | Reached XP level 11. HP: 56/66 MP: 18/24
 13255 | Lair:2   | Reached ***** piety under Ashenzari
 13804 | Lair:3   | Identified the +10 rapier "Teagaur" {pierce, rC+ Dex+9}
 13937 | Lair:3   | Noticed a five-headed hydra
 13944 | Lair:3   | Killed a five-headed hydra
 14239 | Lair:3   | Reached skill level 10 in Earth Magic
 14371 | Lair:3   | Found a staircase to the Snake Pit.
 14591 | Lair:3   | Reached skill level 10 in Conjurations
 15236 | Lair:4   | Noticed Urug
 15851 | Lair:4   | Learned a level 6 spell: Freezing Cloud
 15871 | Lair:4   | Reached ****** piety under Ashenzari
 16043 | Lair:4   | Killed Urug
 16043 | Lair:4   | Reached XP level 12. HP: 63/71 MP: 6/26
 16130 | Lair:4   | Found a staircase to the Swamp.
 16131 | Lair:4   | Noticed a four-headed hydra
 16136 | Lair:4   | Killed a four-headed hydra
 16962 | Lair:5   | Reached skill level 3 in Dodging
 17117 | Lair:5   | Found a viscous altar of Jiyva.
 17117 | Lair:5   | Found a staircase to the Slime Pits.
 17157 | Lair:5   | Reached skill level 4 in Dodging
 17393 | Lair:5   | Noticed grindst0ne's ghost (journeyman FoFi)
 17411 | Lair:5   | Killed grindst0ne's ghost
 17806 | Lair:6   | Entered Level 6 of the Lair of Beasts
 17882 | Lair:6   | Reached skill level 5 in Dodging
 18159 | Lair:6   | Noticed a four-headed hydra
 18164 | Lair:6   | Killed a four-headed hydra
 18537 | Lair:6   | Noticed a seven-headed hydra
 18541 | Lair:6   | Killed a seven-headed hydra
 18541 | Lair:6   | Reached skill level 6 in Dodging
 18653 | Lair:6   | Reached XP level 13. HP: 60/78 MP: 13/27
 18965 | Lair:6   | Reached skill level 7 in Dodging
 19146 | Lair:6   | Upgraded the game from 0.22-a0-284-g99d1f74 to 0.22-a0-293-gc9362ec
 19484 | D:11     | Found a frozen archway.
 19491 | IceCv    | Entered an ice cave
 19514 | IceCv    | Upgraded the game from 0.22-a0-293-gc9362ec to 0.22-a0-299-g43f9854
 20295 | D:11     | Reached skill level 8 in Dodging
 20430 | D:11     | Noticed Grum
 20457 | D:11     | Killed Grum
 20650 | D:11     | Reached skill level 10 in Ice Magic
 21061 | D:12     | Found the +8 demon blade "Bloodbane" {slice, *Rage +Rage Stlth-}
 21083 | D:12     | Found a flagged portal.
 21109 | Bailey   | Entered a bailey
 22145 | D:12     | Found a portal to a secret trove of treasure.
 22257 | D:12     | Found a staircase to the Orcish Mines.
 22849 | D:12     | Reached skill level 9 in Dodging
 23209 | D:12     | Reached XP level 14. HP: 67/86 MP: 4/28
 23415 | D:12     | Identified the Guide on Summoning
 23424 | D:12     | Learned a level 1 spell: Summon Butterflies
 23951 | D:13     | Reached skill level 1 in Armour
 24731 | D:14     | Reached skill level 10 in Dodging
 25136 | D:14     | Found a gate to the Vaults.
 25154 | D:14     | Noticed Azrael
 25162 | D:14     | Killed Azrael
 25751 | D:15     | Entered Level 15 of the Dungeon
 25882 | D:15     | Reached skill level 10 in Fighting
 25966 | D:15     | Reached skill level 11 in Dodging
 25999 | D:15     | Found a staircase to the Depths.
 26026 | D:15     | Found the +3 giant club "Skullcrusher" {speed, Str+7}
 26182 | D:15     | Upgraded the game from 0.22-a0-299-g43f9854 to 0.22-a0-301-gf0fe05c
 27628 | D:15     | Reached skill level 12 in Dodging
 27638 | D:15     | Reached XP level 15. HP: 59/93 MP: 15/29
 28218 | Orc:1    | Entered Level 1 of the Orcish Mines
 28536 | Orc:1    | Found Modymoej's Magic Scroll Boutique.
 28558 | Orc:1    | Bought a scroll of summoning for 152 gold pieces
 28558 | Orc:1    | Bought a scroll of remove curse for 48 gold pieces
 28620 | Orc:1    | Found a roughly hewn altar of Beogh.
 29017 | Orc:2    | Entered Level 2 of the Orcish Mines
 29268 | Orc:2    | Found a staircase to the Elven Halls.
 29357 | Orc:2    | Noticed an orc warlord
 30246 | D:12     | Killed an orc warlord
 30935 | Orc:2    | Found Ciarph's Antique Weapon Emporium.
 30977 | Orc:2    | Found Zomuoraell's Gadget Shoppe.
 31004 | Orc:2    | Reached skill level 13 in Dodging
 31130 | Orc:2    | Found a radiant altar of Vehumet.
 31156 | Orc:2    | Found Reanuqea's Magic Scroll Emporium.
 31286 | Orc:2    | Found an ancient bone altar of Kikubaaqudgha.
 31307 | Orc:2    | Bought a scroll of remove curse for 42 gold pieces
 31307 | Orc:2    | Bought 2 scrolls of teleportation for 84 gold pieces
 31328 | Orc:2    | Found a roughly hewn altar of Beogh.
 31329 | Orc:2    | Found Ingeliti's Magic Scroll Emporium.
 31341 | Orc:2    | Bought a scroll of holy word for 105 gold pieces
 31341 | Orc:2    | Bought a scroll of holy word for 105 gold pieces
 31630 | D:8      | Bought a book of Ice for 715 gold pieces
 31763 | Snake:1  | Entered Level 1 of the Snake Pit
 32271 | Elf:1    | Entered Level 1 of the Elven Halls
 32396 | Elf:1    | Reached skill level 10 in Spellcasting
 32861 | Elf:1    | Noticed Nikola
 32886 | Elf:1    | Killed Nikola
 33032 | Elf:1    | Learned a level 6 spell: Bolt of Cold
 33249 | Elf:1    | Found Eckey's Gadget Boutique.
 33249 | Elf:1    | Found Jauxe's Jewellery Shoppe.
 33250 | Elf:1    | Found Ipsofik's Jewellery Shoppe.
 33682 | Elf:1    | Bought a +6 ring of protection for 1326 gold pieces
 33956 | Elf:1    | Reached skill level 14 in Dodging
 33958 | Elf:1    | Reached XP level 16. HP: 68/101 MP: 18/34
 34150 | Elf:2    | Identified a +2 pair of boots of running
 34492 | Elf:2    | Noticed Agnes
 34519 | Elf:2    | Killed Agnes
 34760 | Elf:2    | Upgraded the game from 0.22-a0-301-gf0fe05c to 0.22-a0-305-gd21a89c
 34819 | Elf:2    | Identified the +4 ring mail "Niunnu" {Int+4 Dex+5}
 34835 | Elf:2    | HP: 5/103 [deep elf archer/arrow (26)]
 35295 | Elf:2    | Found a runed gate.
 35295 | Elf:2    | Found a runed gate.
 35295 | Elf:2    | Found a runed gate.
 35322 | Elf:3    | Entered Level 3 of the Elven Halls
 35350 | Elf:3    | Reached skill level 15 in Dodging
 36947 | Elf:3    | Reached skill level 16 in Dodging
 36980 | Elf:3    | Noticed a deep elf master archer
 37001 | Elf:3    | Killed a deep elf master archer
 37137 | Elf:3    | Noticed a deep elf blademaster
 37145 | Elf:3    | Killed a deep elf blademaster
 37151 | Elf:3    | Noticed a deep elf master archer
 37155 | Elf:3    | Killed a deep elf master archer
 37187 | Elf:3    | Noticed a Brimstone Fiend
 37187 | Elf:3    | Identified the +3 dagger "Ogreslayer" {freeze, rC++} (You took it off a deep elf annihilator on level 3 of the Elven Halls)
 37614 | Elf:3    | Reached XP level 17. HP: 109/109 MP: 15/35
 37738 | Elf:3    | Noticed a deep elf blademaster
 37752 | Elf:3    | HP: 2/110 [deep elf blademaster/rapier of protection (15)]
 37991 | Elf:3    | Killed a deep elf blademaster
 38222 | Elf:3    | Identified the ring of Hetwo {rPois rN+ MR+ SInv} (You took it off a deep elf elementalist on level 3 of the Elven Halls)
 38303 | Elf:3    | Upgraded the game from 0.22-a0-305-gd21a89c to 0.22-a0-322-g60b3cfd
 38440 | Elf:3    | Identified the amulet "Giodesk" {Reflect rN+ SH+3} (You took it off a deep elf death mage on level 3 of the Elven Halls)
 38515 | Elf:3    | Reached skill level 17 in Dodging
 38551 | Elf:3    | Noticed an Ice Fiend
 38698 | Elf:3    | Noticed an Ice Fiend
 38885 | Elf:3    | Identified the ring "Ixteyz" {*Tele rF+ Str-4 Dex+6} (You took it off a deep elf death mage on level 3 of the Elven Halls)
 38989 | Elf:3    | Identified the Papyrus of Dusty Battle Magic
 40525 | Snake:1  | Identified the cursed +0 leather armour of the Learner {rPois MR+ Str-2 Stlth+}
 40979 | Snake:2  | Reached skill level 18 in Dodging
 42232 | Snake:3  | Noticed Saint Roka
 42262 | Snake:3  | Killed Saint Roka
 42262 | Snake:3  | Reached skill level 15 in Fighting
 42387 | Snake:3  | Noticed Vashnia
 42521 | Snake:3  | Found Decsoad's Antique Armour Shoppe.
 42529 | Snake:3  | Reached XP level 18. HP: 119/119 MP: 36/36
 42532 | Snake:3  | Found Ibanecaa's General Store.
 42532 | Snake:3  | Found Maakhaqo's Antique Armour Shoppe.
 42533 | Snake:3  | Found Viunlus's General Store.
 42552 | Snake:3  | Bought a potion of magic for 128 gold pieces
 42575 | Snake:3  | Bought a glowing cloak for 345 gold pieces
 42815 | Snake:3  | Killed Vashnia
 42852 | Snake:3  | Reached skill level 19 in Dodging
 42998 | Snake:3  | Noticed Aizul
 43013 | Snake:3  | Killed Aizul
 43125 | Snake:4  | Entered Level 4 of the Snake Pit
 43275 | Snake:4  | Reached skill level 1 in Shields
 44162 | Swamp:1  | Entered Level 1 of the Swamp
 44648 | Swamp:1  | Noticed Frances
 44671 | Swamp:1  | Killed Frances
 46910 | Swamp:3  | Identified the ring of Witedd {Fire *Slow rN+++ Str-3 Dex+8}
 47159 | Swamp:3  | Paralysed by a hornet for 2 turns
 47159 | Swamp:3  | Reached skill level 5 in Stealth
 47215 | Swamp:3  | Reached skill level 20 in Dodging
 47352 | Swamp:4  | Entered Level 4 of the Swamp
 47517 | Swamp:4  | Noticed Louise
 47519 | Swamp:4  | Killed Louise
 47589 | Swamp:4  | Reached XP level 19. HP: 125/125 MP: 35/37
 47749 | Swamp:4  | Noticed Kirke
 47760 | Swamp:4  | Killed Kirke
 47846 | Swamp:4  | Noticed Mara
 49210 | Snake:4  | Got a serpentine rune of Zot
 49474 | Vaults:1 | Entered Level 1 of the Vaults
 50192 | Vaults:1 | Identified the cursed +1 ring mail of Resourcefulness {-Tele Regen+ Dex+6}
 50265 | Vaults:1 | Identified the +2 leather armour of the Arcane {MR+ Slay+2}
 50273 | Vaults:1 | Reached skill level 10 in Stealth
 50376 | Vaults:1 | Reached skill level 21 in Dodging
 50594 | Vaults:1 | Identified a scroll of acquirement
 50595 | Vaults:1 | Identified the Handbook of Glacial Feathers (You acquired it on level 1 of the Vaults)
 50742 | Vaults:1 | Found Gushopt's Book Shop.
 51417 | Vaults:1 | Noticed Asterion
 51456 | Vaults:1 | Reached XP level 20. HP: 131/133 MP: 38/38
 53661 | Vaults:3 | Found a staircase to the Crypt.
 53661 | Vaults:3 | Found a basalt altar of Yredelemnul.
 53661 | Vaults:3 | Found an ancient bone altar of Kikubaaqudgha.
 54293 | Vaults:3 | Reached skill level 22 in Dodging
 54916 | Vaults:3 | Identified the cursed +0 ring mail of Kaali {rElec Dex-2 SInv}
 55119 | Vaults:3 | Identified the cursed +0 scale mail of the Slorg {Dex+8}
 56337 | Vaults:4 | Reached XP level 21. HP: 117/140 MP: 36/39
 56753 | Vaults:4 | Identified the +2 ring mail of Ozafrein {+Fly rPois}
 57210 | Vaults:4 | Upgraded the game from 0.22-a0-322-g60b3cfd to 0.22-a0-346-ga714374
 57214 | Vaults:4 | Reached skill level 23 in Dodging
 57469 | Vaults:4 | Noticed Mennas
 58042 | Vaults:4 | Upgraded the game from 0.22-a0-346-ga714374 to 0.22-a0-348-gd16d139
 58290 | Depths:1 | Entered Level 1 of the Depths
 58426 | Depths:1 | Found a glowing golden altar of the Shining One.
 59259 | Depths:1 | Found a one-way gate leading to the halls of Pandemonium.
 59443 | Depths:1 | Found a gateway to Hell.
 60167 | Depths:2 | Identified the +1 pair of gloves of Sloth {Dex+4}
 60615 | Depths:2 | Reached skill level 1 in Necromancy
 60655 | Depths:2 | Found a one-way gate to the infinite horrors of the Abyss.
 60945 | Depths:2 | Reached skill level 1 in Translocations
 61491 | Depths:3 | Noticed a golden dragon
 61509 | Depths:3 | Noticed a golden dragon
 61524 | Depths:3 | Killed a golden dragon
 61642 | Depths:3 | Reached XP level 22. HP: 100/148 MP: 9/40
 61665 | Depths:3 | Noticed a golden dragon
 62488 | Depths:3 | Reached skill level 5 in Necromancy
 62609 | Depths:3 | Reached skill level 5 in Armour
 62717 | Depths:3 | Found Ylinaepuu's Antique Armour Emporium.
 62717 | Depths:3 | Found Muxzallyxe's General Store.
 62717 | Depths:3 | Found Lugyic's Assorted Antiques.
 62717 | Depths:3 | Noticed a golden dragon
 62717 | Depths:3 | Found Musyllo's Jewellery Boutique.
 62718 | Depths:3 | Upgraded the game from 0.22-a0-348-gd16d139 to 0.22-a0-351-g29664b4
 62786 | Depths:3 | Killed a golden dragon
 63364 | Depths:3 | Found Zuhirghu's Magic Scroll Shop.
 63372 | Depths:3 | Bought a scroll of teleportation for 60 gold pieces
 63372 | Depths:3 | Bought a scroll of remove curse for 60 gold pieces
 63372 | Depths:3 | Bought a scroll of teleportation for 60 gold pieces
 63372 | Depths:3 | Bought a scroll of remove curse for 60 gold pieces
 63372 | Depths:3 | Bought a scroll of remove curse for 60 gold pieces
 63372 | Depths:3 | Bought a scroll of summoning for 190 gold pieces
 63558 | Depths:3 | Killed a golden dragon
 63983 | Depths:3 | Bought a potion of magic for 152 gold pieces
 63986 | Depths:3 | Bought a pair of distressingly furry gloves for 342 gold pieces
 63986 | Depths:3 | Identified the +0 pair of gloves of Jiage {rElec rC++ MP+9 Str-5} (You bought it in a shop on level 3 of the Depths)
 64002 | Depths:3 | Bought a scroll of enchant armour for 255 gold pieces
 64002 | Depths:3 | Bought a potion of curing for 102 gold pieces
 64002 | Depths:3 | Bought a scroll of teleportation for 102 gold pieces
 64291 | Depths:3 | Killed a golden dragon
 64651 | Depths:3 | Upgraded the game from 0.22-a0-351-g29664b4 to 0.22-a0-353-g2d6336e
 64985 | Swamp:4  | Killed Mara
 65556 | Swamp:4  | Got a decaying rune of Zot
 65603 | Swamp:3  | Learned a level 6 spell: Simulacrum
 66364 | Depths:4 | Identified the +4 naga barding "Xisuisch" {Int+3}
 67072 | Depths:4 | Noticed Boris
 67124 | Depths:4 | Learned a level 1 spell: Apportation
 67404 | Depths:4 | Killed Boris
 67404 | Depths:4 | Reached skill level 10 in Necromancy
 67424 | Depths:4 | Identified the +5 morningstar "Seucumow" {holy, MP+9} (You took it off a centaur warrior on level 4 of the Depths)
 67538 | Depths:4 | Noticed a caustic shrike
 67549 | Depths:4 | Killed a caustic shrike
 67565 | Depths:4 | Reached XP level 23. HP: 109/156 MP: 3/41
 67945 | Depths:4 | Identified the +3 leather armour "Miate" {-Tele rPois rF+ rN++}
 68448 | Depths:3 | Reached skill level 1 in Summonings
 68984 | Depths:5 | Entered Level 5 of the Depths
 69072 | Depths:5 | Noticed a caustic shrike
 69077 | Depths:5 | Noticed a caustic shrike
 69088 | Depths:5 | Noticed a caustic shrike
 69255 | Depths:5 | Reached skill level 5 in Summonings
 69421 | Depths:4 | Learned a level 7 spell: Haunt
 70203 | Depths:5 | Upgraded the game from 0.22-a0-353-g2d6336e to 0.22-a0-354-g30dfbe6
 70707 | Depths:4 | Upgraded the game from 0.22-a0-354-g30dfbe6 to 0.22-a0-367-gb72a975
 71291 | Depths:5 | Found a gateway to a ziggurat.
 71342 | Depths:5 | Found Qutogg's Blood Bar.
 71619 | Depths:5 | Found a gate to the Realm of Zot.
 72015 | Crypt:1  | Entered Level 1 of the Crypt
 72102 | Crypt:1  | Learned a level 5 spell: Dispel Undead
 72124 | Crypt:1  | Noticed Donald
 72147 | Crypt:1  | Killed Donald
 74176 | Crypt:2  | Identified the Reference Book on the Entourage and Glamour
 74423 | Crypt:3  | Entered Level 3 of the Crypt
 74552 | Crypt:3  | Noticed Boris
 74599 | Crypt:2  | Reached XP level 24. HP: 126/161 MP: 10/43
 74745 | Crypt:3  | Killed Boris
 75883 | Crypt:3  | Reached skill level 15 in Spellcasting
 76011 | Crypt:3  | Reached skill level 10 in Summonings
 76041 | Crypt:3  | Identified the cursed +1 battleaxe "Mud Pie of Death" {chop, *Drain rF+ Int+9 Dex-2}
 76064 | Crypt:3  | Identified Ugris's Tome of Necromancy
 76394 | Crypt:3  | Noticed an ancient lich
 76396 | Crypt:3  | Killed an ancient lich
 76427 | Crypt:3  | Reached skill level 15 in Necromancy
 76547 | Crypt:3  | Found an ancient bone altar of Kikubaaqudgha.
 76554 | Crypt:3  | Identified the ring "Veabrod" {Str+3 Dex+4}
 76681 | Crypt:3  | Found a staircase to the Tomb.
 77088 | Vaults:5 | Entered Level 5 of the Vaults
 77110 | Vaults:5 | Identified the +3 dagger of Interdependent Arising {holy, Int+2}
 77547 | Vaults:5 | Identified the ring "Ebliox" {rPois rC+ rN+ Str+4} (You took it off a yaktaur captain on level 5 of the Vaults)
 77737 | Vaults:5 | Upgraded the game from 0.22-a0-367-gb72a975 to 0.22-a0-368-g870eee8
 77769 | Vaults:5 | Reached XP level 25. HP: 168/168 MP: 43/45
 77939 | Vaults:5 | Identified the +10 hand crossbow of Desperation {velocity, rPois} (You took it off an orc knight on level 5 of the Vaults)
 78296 | Vaults:5 | Identified the +5 short sword "Zaodghoh" {chaos, MR+ MP+9} (You took it off a tengu reaver on level 5 of the Vaults)
 78932 | Vaults:5 | Got the cursed buckler of Resilience {rN+++ Str-5}
 78933 | Vaults:5 | Identified the cursed +0 buckler of Resilience {rN+++ Str-5} (You took it off an ironheart preserver on level 5 of the Vaults)
 79580 | Vaults:5 | Identified the amulet of Niutex {Faith rElec rN+++ Str+2 Int-3} (You took it off a yaktaur on level 5 of the Vaults)
 79828 | Vaults:5 | Identified the Grimoire of the Burning Frostbite
 80170 | Vaults:5 | Reached XP level 26. HP: 167/174 MP: 35/46
 80366 | Vaults:5 | Identified the +3 shortbow of the Lettuce {flame, Dex+3 SInv} (You took it off a vault guard on level 5 of the Vaults)
 80510 | Vaults:5 | Learned a level 8 spell: Borgnjor's Revivification
 80537 | Vaults:5 | Reached skill level 1 in Evocations
 80855 | Vaults:5 | Identified the Handbook of Helpful Earth
 81117 | Vaults:5 | Got a silver rune of Zot
 81259 | Vaults:5 | Identified the Catalogue of Companions and Ice (You acquired it on level 5 of the Vaults)
 81306 | Vaults:5 | Identified the +9 plate armour of the Morning Star {rElec SInv} (You took it off a vault guard on level 5 of the Vaults)
 81711 | Zot:1    | Entered Level 1 of the Realm of Zot
 82710 | Zot:1    | Reached skill level 5 in Evocations
 83248 | Zot:1    | Identified the ring of Remnae {Int+3 Dex+5 Stlth+} (You took it off a draconian knight on level 1 of the Realm of Zot)
 86695 | Zot:3    | Noticed an orb of fire
 86910 | Zot:3    | Gained mutation: Your body sometimes deteriorates upon taking damage. [an orb of fire]
 86913 | Zot:3    | Gained mutation: You are occasionally teleported next to monsters. [an orb of fire]
 86914 | Zot:3    | Gained mutation: Your magical capacity is low. (-10% MP) [an orb of fire]
 86921 | Zot:3    | Killed an orb of fire
 87100 | Depths:4 | Lost mutation: Your magical capacity is low. (-10% MP) [potion of mutation]
 87100 | Depths:4 | Lost mutation: Your body sometimes deteriorates upon taking damage. [potion of mutation]
 87100 | Depths:4 | Gained mutation: You possess an exceptional clarity of mind. [potion of mutation]
 87100 | Depths:4 | Gained mutation: You are robust. (+10% HP) [potion of mutation]
 87566 | Swamp:2  | Lost mutation: You possess an exceptional clarity of mind. [potion of mutation]
 87566 | Swamp:2  | Lost mutation: You are occasionally teleported next to monsters. [potion of mutation]
 87566 | Swamp:2  | Gained mutation: You are dopey. (Int -2) [potion of mutation]
 87566 | Swamp:2  | Gained mutation: You are resistant to hostile enchantments. (MR+) [potion of mutation]
 87742 | Snake:3  | Bought a potion of mutation for 104 gold pieces
 87742 | Snake:3  | Bought a phial of floods for 520 gold pieces
 87742 | Snake:3  | Bought a book of the Warp for 1170 gold pieces
 88128 | Zot:3    | Noticed Tiamat
 88343 | Zot:3    | Killed Tiamat
 88343 | Zot:3    | Reached XP level 27. HP: 60/198 MP: 2/46
 90589 | Zot:5    | Entered Level 5 of the Realm of Zot
 91063 | Zot:5    | Noticed an ancient lich
 91167 | Zot:5    | Noticed an ancient lich
 91167 | Zot:5    | Noticed an orb of fire
 91167 | Zot:5    | Noticed an ancient lich
 91180 | Zot:5    | Got the Orb of Zot
 91181 | Zot:5    | Noticed an ancient lich
 91210 | Zot:5    | Noticed an orb of fire
 91211 | Zot:5    | Noticed an ancient lich
 91212 | Zot:5    | Lost mutation: You are robust. (+10% HP) [an orb of fire]
 91302 | Zot:3    | Noticed Reynt the pandemonium lord
 91314 | Zot:2    | Noticed Valak the pandemonium lord
 91857 | D:$      | Escaped with the Orb!

Vault maps used:
D:1:      saegor_arrival_simple_c, minmay_surrounded
D:2:      wad_river_or_something, nicolae_gozag_seed_capital, first_ration,
          serial_undead, serial_undead_c, serial_undead_f, serial_undead_e,
          serial_undead_a, serial_undead_a, serial_undead_d,
          kennysheep_nondescript
D:3:      chequers_ecumenical_altar_island
D:4:      lemuel_crystal_altar, st_stairs_10, minmay_lizard_king
D:5:      minmay_temple_entry_mist, serial_glass, glass_columns_b,
          glass_columns_b, led_sif_book
D:6:      serial_shops, nicolae_shop_trees
D:7:      uniq_duvessa
D:8:      grunt_temple_overflow_open, lightli_ossuary_entry_decrepit_ruins,
          serial_shops, shop
D:9:      serial_ice, serial_ice_l, serial_ice_o, serial_ice_b, serial_ice_g
D:10:     lair_entry_dummy, grunt_tengu_nest
D:11:     portal_ice_cave_rime, minmay_nine_imps, uniq_grum
D:12:     minmay_connected_triangles_in_corner, orc_0_dummy, enter_bailey_3,
          enter_trove_2, kennysheep_minor_cross
D:14:     erik_vaults_1, minmay_misc_feat_more_columns, uniq_azrael
D:15:     grunt_enter_depths_snipers, minmay_guarded_unrand_skullcrusher
Lair:1:   wad_woods_tower, minivault_23, uniq_joseph
Lair:3:   dummy_snake_entry
Lair:4:   minmay_swamp_entry_reptiles, uniq_urug
Lair:5:   slime_altar_1, infiniplex_staircase_pool
Lair:6:   minmay_lair_end_enchanted_forest, minivault_19, fungi_pond_lemuel,
          pond
Swamp:1:  evilmike_swamp_ruin_house_1, uniq_frances
Swamp:2:  evilmike_swamp_ruin_house_2, swamp_pool1
Swamp:3:  evilmike_swamp_ruin_house_4
Swamp:4:  swamp_icy, swamp_pool4, uniq_mara, uniq_kirke, uniq_louise
Snake:1:  nicolae_snake_squiggles
Snake:2:  spider_trap, serial_bayou_shore_a
Snake:3:  minmay_shop_grid_forest, lemuel_fruit_tree, uniq_vashnia, uniq_aizul,
          uniq_saint_roka
Snake:4:  grunt_snake_rune_pools
Orc:1:    serial_shops, nicolae_shop_statue_plus, basic_altar
Orc:2:    kennysheep_orc_mage_school
Elf:1:    hangedman_corner_corridor, minmay_shop_grove, uniq_nikola
Elf:2:    uniq_agnes
Elf:3:    grunt_elf_hall_asides, grunt_megastairs_2
Vaults:1: grunt_vaults_bifocal, ontoclasm_vaults_chip, hangedman_vaults_trim,
          nicolae_vaults_network_star, hangedman_vaults_nodes,
          vaults_mumra_minichess, ontoclasm_vaults_decontamination,
          vaults_room_hangedman_quadrants, nicolae_vaults_little_ls,
          hangedman_vaults_slice, ontoclasm_vaults_ligature,
          hangedman_vaults_impose, serial_shops, nicolae_shop_waterfront,
          uniq_asterion
Vaults:2: v_misc_15, nicolae_vaults_what_the_h, hangedman_vaults_capsules,
          vaults_room_pool, nicolae_vaults_asterisk, vaults_dpeg_ring
Vaults:3: minmay_crypt_entry_necro_gods, v_alt_pattern_5,
          nicolae_vaults_little_squares_3, ontoclasm_vaults_fault,
          nicolae_vaults_circle_grid_a, ontoclasm_vaults_ring_large,
          nicolae_vaults_stairing_the_circle,
          vaults_room_grunt_arrival_checkpoint, ontoclasm_vaults_ring_small,
          serial_ice_g, nicolae_vaults_little_squares_4, st_more_cells
Vaults:4: nicolae_vaults_little_squares_3, hangedman_vaults_hat,
          nicolae_vaults_three_branches, st_quartered_hall, vaults_dpeg_spiral,
          vaults_room_fancy_cross, vaults_room_boxed, v_rooms_1,
          nicolae_vaults_little_squares_4, nicolae_vaults_sealed_display,
          vaults_dpeg_cross, v_misc_3, ontoclasm_vaults_idyll, v_misc_14,
          uniq_mennas
Vaults:5: serial_shops
Crypt:1:  uniq_donald
Crypt:2:  grunt_megastairs_4
Crypt:3:  cryptofortress_bobbens, uniq_boris
Depths:1: rand_demon_pan_entry_4, tso_metal_star, hell_entry,
          minmay_misc_feat_x, hangedman_abyss_or_decor_slice, kb_rosetta,
          firewood_loft, serial_bayou_shore_b
Depths:2: wad_pebble_path, minmay_staircase_windowed_small, abyss_entry,
          hellmouth_1, hangedman_cracks_in_the_wall, serial_bayou_shore_b
Depths:3: hangedman_box_tower, hell_entry, kennysheep_big_empty_room,
          serial_shops, shop, rand_demon_pan_entry_9, minmay_misc_feat_room
Depths:4: hangedman_pleasuredromes, hell_entry, abyss_entry, uniq_boris
Depths:5: grunt_zot_entry_alcove, enter_ziggurat_c,
          grunt_hell_entry_demonic_statue, serial_co_window_serial,
          co_window_corner_a, co_window_corner_a, co_window_corner_a,
          co_window_of_opportunity_a, co_window_paths_b, co_window_cross_4,
          co_window_corner_ca, co_window_corner_b, co_window_4corner_b,
          co_window_4corner_a, glass_columns_a, glass_columns_a,
          glass_columns_b, guppyfry_shop_blood
Zot:1:    st_large_dragon_hoard_1
Zot:3:    grunt_ministairs_14, uniq_tiamat
Zot:4:    nicolae_zot_crop_circle
Ossuary:  minmay_ossuary_gauntlet
Bailey:   bailey_axe_4, bailey
IceCv:    ice_cave_statue_garden_chambered

Skill      XL: |  1  2  3  4  5  6  7  8  9 10 11 12 13 14 15 16 17 18 19 20 21 22 23 24 25 26 27 |
---------------+----------------------------------------------------------------------------------+-----
Earth Magic    | 4 5 6 7 10 11 | 11.5
Conjurations   | 1 3 7 10 11 12 14 | 14.0
Spellcasting   | 4 5 7 8 12 14 16 17 | 17.3
Fighting       | 1 3 5 6 7 9 10 11 13 15 16 17 18 19 20 21 | 21.8
Short Blades   | 1 3 6 7 9 |  9.7
Charms         | 5 |  5.5
Ice Magic      | 4 5 7 8 10 | 10.7
Air Magic      | 2 3 |  3.8
Dodging        | 6 9 12 14 16 18 20 21 22 23 | 23.9
Armour         | 1 4 8 9 |  9.7
Shields        | 4 |  4.0
Stealth        | 6 11 12 14 | 14.7
Necromancy     | 4 10 14 15 16 | 16.8
Translocations | 1 |  1.5
Summonings     | 8 11 12 | 12.6
Evocations     | 9 |  9.4
Transmutations | |  1.1

Action                   |  1- 3 |  4- 6 |  7- 9 | 10-12 | 13-15 | 16-18 | 19-21 | 22-24 | 25-27 || total
-------------------------+-------+-------+-------+-------+-------+-------+-------+-------+-------++-------
Melee: Unarmed           |    31 |       |       |       |       |       |       |       |       ||    31
       Short sword       |    64 |   202 |       |       |       |       |       |       |       ||   266
       Rapier            |       |       |   248 |   474 |  1126 |  1406 |  2273 |  2560 |  1532 ||  9619
Throw: Stone             |     1 |       |     5 |     6 |    13 |     2 |     8 |    12 |    18 ||    65
 Cast: Sandblast         |    23 |    33 |    55 |    24 |   110 |   173 |    36 |    18 |       ||   472
       Stone Arrow       |     9 |    31 |    52 |    60 |    75 |    17 |     1 |       |       ||   245
       Ozocubu's Armour  |       |       |     3 |    56 |    90 |    75 |    82 |   116 |    55 ||   477
       Regeneration      |       |       |       |     5 |     2 |     4 |     5 |     5 |    13 ||    34
       Iron Shot         |       |       |       |    17 |    51 |    35 |    45 |   125 |    90 ||   363
       Freezing Cloud    |       |       |       |    12 |    79 |   103 |    39 |    19 |    27 ||   279
       Summon Butterflie |       |       |       |       |     5 |     1 |     2 |     5 |       ||    13
       Blink             |       |       |       |       |     7 |     2 |     2 |       |     3 ||    14
       Passwall          |       |       |       |       |       |     2 |     9 |    15 |    25 ||    51
       Bolt of Cold      |       |       |       |       |       |    16 |   126 |    30 |    76 ||   248
       Simulacrum        |       |       |       |       |       |       |       |    18 |    22 ||    40
       Apportation       |       |       |       |       |       |       |       |     1 |     2 ||     3
       Dispel Undead     |       |       |       |       |       |       |       |    68 |       ||    68
       Haunt             |       |       |       |       |       |       |       |    11 |    66 ||    77
Invok: Curse Item        |       |     4 |     2 |     1 |     3 |     2 |     3 |       |     5 ||    20
       Scrying           |       |       |       |       |     3 |     1 |     2 |     5 |     2 ||    13
Evoke: Wand              |       |       |       |       |     4 |     6 |     1 |     4 |     6 ||    21
       Box of beasts     |       |       |       |       |       |       |       |       |     1 ||     1
       Phial of floods   |       |       |       |       |       |       |       |       |     1 ||     1
  Use: Scroll            |       |    12 |     6 |    13 |    10 |     8 |     4 |     6 |    11 ||    70
       Potion            |       |       |     1 |     1 |     2 |     8 |       |     5 |    20 ||    37
 Stab: Sleeping          |     5 |     2 |     3 |     9 |     9 |    15 |    40 |    32 |    20 ||   135
       Distracted        |       |       |       |       |     4 |     4 |     9 |    17 |    15 ||    49
       Paralysed         |       |       |       |       |     1 |       |       |       |       ||     1
       Invisible         |       |       |       |       |       |       |       |     8 |       ||     8
  Eat: Chunk             |     3 |     8 |    10 |    10 |    58 |    27 |    59 |    28 |    33 ||   236
       Ration            |     1 |     2 |     2 |     7 |     9 |    15 |     8 |    18 |    13 ||    75
Armor: Robe              |    10 |    59 |    43 |   106 |   175 |    49 |       |       |       ||   442
       Troll leather arm |       |       |       |       |       |   177 |   253 |   381 |   228 ||  1039
Dodge: Dodged            |    83 |   186 |   120 |   194 |   943 |  1171 |  1629 |  2010 |  1137 ||  7473
Block: Buckler           |       |       |       |       |       |    60 |   451 |   490 |   304 ||  1305
       Reflection        |       |       |       |       |       |     5 |    26 |     9 |    13 ||    53

Table legend:
 A = Spawn XP
 B = Non-spawn XP
 C = Spawn XP percentage of total XP
 D = Spawn monster count
 E = Non-spawn monster count
 F = Spawn count percentage of total count
 G = Total turns spent on level
                    A         B        C        D         E        F      G
               +---------+---------+-------+---------+---------+-------+---------
         Total |       0 | 1443191 |   0.0 |       0 |    2374 |   0.0 | 91857
               +---------+---------+-------+---------+---------+-------+---------
           D:1 |       0 |      45 |   0.0 |       0 |      25 |   0.0 |  1056
           D:2 |       0 |     153 |   0.0 |       0 |      43 |   0.0 |  2355
           D:3 |       0 |      92 |   0.0 |       0 |      13 |   0.0 |  1083
           D:4 |       0 |     366 |   0.0 |       0 |      23 |   0.0 |  1208
           D:5 |       0 |     764 |   0.0 |       0 |      17 |   0.0 |  1351
           D:6 |       0 |    1065 |   0.0 |       0 |      18 |   0.0 |  1261
           D:7 |       0 |    1296 |   0.0 |       0 |      27 |   0.0 |  1345
           D:8 |       0 |     685 |   0.0 |       0 |      19 |   0.0 |  1138
           D:9 |       0 |    1298 |   0.0 |       0 |       8 |   0.0 |   699
          D:10 |       0 |    2514 |   0.0 |       0 |      21 |   0.0 |  1099
          D:11 |       0 |    5417 |   0.0 |       0 |      33 |   0.0 |  1159
          D:12 |       0 |   13074 |   0.0 |       0 |      65 |   0.0 |  2381
          D:13 |       0 |    5383 |   0.0 |       0 |      28 |   0.0 |  1360
          D:14 |       0 |   10987 |   0.0 |       0 |      35 |   0.0 |  1475
          D:15 |       0 |   24633 |   0.0 |       0 |      59 |   0.0 |  2768
        Lair:1 |       0 |    4506 |   0.0 |       0 |      17 |   0.0 |  1020
        Lair:2 |       0 |    2010 |   0.0 |       0 |      10 |   0.0 |   807
        Lair:3 |       0 |    5842 |   0.0 |       0 |      21 |   0.0 |  1748
        Lair:4 |       0 |    4456 |   0.0 |       0 |      17 |   0.0 |  1879
        Lair:5 |       0 |    5705 |   0.0 |       0 |      21 |   0.0 |   979
        Lair:6 |       0 |   14527 |   0.0 |       0 |      68 |   0.0 |  1574
       Swamp:1 |       0 |   18114 |   0.0 |       0 |      49 |   0.0 |  1229
       Swamp:2 |       0 |   16799 |   0.0 |       0 |      46 |   0.0 |  1133
       Swamp:3 |       0 |   14632 |   0.0 |       0 |      35 |   0.0 |  1149
       Swamp:4 |       0 |   29255 |   0.0 |       0 |      68 |   0.0 |  1109
       Snake:1 |       0 |   16786 |   0.0 |       0 |      31 |   0.0 |  1208
       Snake:2 |       0 |   19229 |   0.0 |       0 |      33 |   0.0 |  1375
       Snake:3 |       0 |   34122 |   0.0 |       0 |      47 |   0.0 |  1264
       Snake:4 |       0 |   48129 |   0.0 |       0 |      81 |   0.0 |  2164
         Orc:1 |       0 |    3540 |   0.0 |       0 |      20 |   0.0 |  1358
         Orc:2 |       0 |    9753 |   0.0 |       0 |      78 |   0.0 |  1531
         Elf:1 |       0 |   30219 |   0.0 |       0 |      46 |   0.0 |  1894
         Elf:2 |       0 |   18672 |   0.0 |       0 |      30 |   0.0 |  1272
         Elf:3 |       0 |   62752 |   0.0 |       0 |      65 |   0.0 |  4021
      Vaults:1 |       0 |   67722 |   0.0 |       0 |     107 |   0.0 |  2437
      Vaults:2 |       0 |   35603 |   0.0 |       0 |      63 |   0.0 |  1805
      Vaults:3 |       0 |   30265 |   0.0 |       0 |      54 |   0.0 |  1860
      Vaults:4 |       0 |   67735 |   0.0 |       0 |      89 |   0.0 |  2769
      Vaults:5 |       0 |  116611 |   0.0 |       0 |     121 |   0.0 |  4349
       Crypt:1 |       0 |   23685 |   0.0 |       0 |      37 |   0.0 |  1306
       Crypt:2 |       0 |   20625 |   0.0 |       0 |      38 |   0.0 |  1411
       Crypt:3 |       0 |   59776 |   0.0 |       0 |      64 |   0.0 |  2263
      Depths:1 |       0 |   28300 |   0.0 |       0 |      42 |   0.0 |  1485
      Depths:2 |       0 |   48833 |   0.0 |       0 |      69 |   0.0 |  1730
      Depths:3 |       0 |   82146 |   0.0 |       0 |      61 |   0.0 |  3845
      Depths:4 |       0 |   90748 |   0.0 |       0 |      88 |   0.0 |  3377
      Depths:5 |       0 |   75572 |   0.0 |       0 |     105 |   0.0 |  3008
         Zot:1 |       0 |   58510 |   0.0 |       0 |      37 |   0.0 |  1965
         Zot:2 |       0 |   41868 |   0.0 |       0 |      36 |   0.0 |  2504
         Zot:3 |       0 |   90657 |   0.0 |       0 |      48 |   0.0 |  2190
         Zot:4 |       0 |   45603 |   0.0 |       0 |      31 |   0.0 |   917
         Zot:5 |       0 |   27329 |   0.0 |       0 |      14 |   0.0 |   641
       Ossuary |       0 |     214 |   0.0 |       0 |      16 |   0.0 |   266
        Bailey |       0 |    1241 |   0.0 |       0 |      26 |   0.0 |   693
         IceCv |       0 |    3328 |   0.0 |       0 |      11 |   0.0 |   584
               +---------+---------+-------+---------+---------+-------+---------
